IL
CHARLOTTE KNIGHTS @ TOLEDO MUD HENS
08/04/2047
 
TOP OF THE 1ST
Charlotte Knights batting - Pitching for Toledo Mud Hens : LHP Josh Thorpe
Pitching: LHP Josh Thorpe
Batting: RHB Guillermo Mojica 0-0: Foul Ball, location: 2F
0-1: Ball
1-1: Ball
2-1: Ball
3-1: Foul Ball, location: 2F
3-2: Foul Ball, location: 2F
3-2: Base on Balls
Batting: SHB Dan Lash 0-0: Ground out 6-3 (Groundball, 6, EV 84.4 MPH)
Guillermo Mojica to second
Batting: RHB Jason Moss 0-0: Foul Ball, location: 2F
0-1: Ball
1-1: Called Strike
1-2: Strikes out looking
Batting: RHB Jeremy Hoffert 0-0: Ball
1-0: Ball
2-0: Swinging Strike
2-1: SINGLE (Groundball, 34D, EV 106.9 MPH)
Guillermo Mojica to third
Runner from 3rd tries for Home, SAFE, throw by RF to home
Batting: RHB Nick Kleckner 0-0: Ball
1-0: Swinging Strike
1-1: Swinging Strike
1-2: Strikes out swinging, 2-3 out at first.
Top of the 1st over - 1 run, 1 hit, 0 errors, 1 left on base; Charlotte 1 - Toledo 0
BOTTOM OF THE 1ST
Toledo Mud Hens batting - Pitching for Charlotte Knights : RHP Rick Sacket
Pitching: RHP Rick Sacket
Batting: LHB Frank McConnell 0-0: Ball
1-0: Called Strike
1-1: Ball
2-1: Ball
3-1: Ground out U3 (Groundball, 34, EV 82.5 MPH)
Batting: RHB J.J. Basil 0-0: Ground out 6-3 (Groundball, 6, EV 98.8 MPH)
Batting: RHB Dan Becvar 0-0: Ball
1-0: DOUBLE (Line Drive, 8LXD, EV 106.2 MPH)
Batting: RHB Willis Morales 0-0: Ball
1-0: Ball
2-0: Ball
3-0: Foul Ball, location: 2F
3-1: Base on Balls
Batting: RHB Brandon O'Malley 0-0: Called Strike
0-1: Ground out 3-1 (Groundball, 34S, EV 82.5 MPH)
Bottom of the 1st over - 0 runs, 1 hit, 0 errors, 2 left on base; Charlotte 1 - Toledo 0
TOP OF THE 2ND
Charlotte Knights batting - Pitching for Toledo Mud Hens : LHP Josh Thorpe
Batting: LHB Angel Tellez 0-0: Ball
1-0: Ball
2-0: Ball
3-0: Called Strike
3-1: Base on Balls
Batting: RHB Micah Brown 0-0: Foul Ball, location: 2F
0-1: Foul Ball, location: 2F
0-2: Foul Ball, location: 2F
0-2: Strikes out looking
Batting: RHB Kikuo Sato 0-0: Foul Ball, location: 2F
0-1: Ground out 6-3 (Groundball, P, EV 83.1 MPH)
Angel Tellez to second
Batting: RHB Steve Waltenbery 0-0: Ball
1-0: Called Strike
1-1: Called Strike
1-2: Strikes out swinging
Top of the 2nd over - 0 runs, 0 hits, 0 errors, 1 left on base; Charlotte 1 - Toledo 0
BOTTOM OF THE 2ND
Toledo Mud Hens batting - Pitching for Charlotte Knights : RHP Rick Sacket
Batting: RHB Aaron Cusick 0-0: Ball
1-0: Ball
2-0: Fly out, F8 (Flyball, 8LM, EV 95.0 MPH)
Batting: RHB Keith Hoffman 0-0: Ball
1-0: Fly out, F9 (Flyball, 89S, EV 89.4 MPH)
Batting: RHB Dave Calder 0-0: Called Strike
0-1: Ball
1-1: Ball
2-1: Ground out U3 (Groundball, 3S, EV 82.5 MPH)
Bottom of the 2nd over - 0 runs, 0 hits, 0 errors, 0 left on base; Charlotte 1 - Toledo 0
TOP OF THE 3RD
Charlotte Knights batting - Pitching for Toledo Mud Hens : LHP Josh Thorpe
Batting: RHB Guillermo Mojica 0-0: Swinging Strike
0-1: Ball
1-1: Called Strike
1-2: SINGLE (Groundball, 56D, EV 105.6 MPH)
Batting: SHB Dan Lash 0-0: Ball
1-0: Swinging Strike
1-1: SINGLE (Groundball, 34S, EV 83.8 MPH) (infield hit)
Guillermo Mojica to second
Batting: RHB Jason Moss 0-0: Ball
1-0: Ball
2-0: Called Strike
2-1: Ball
3-1: Foul Ball, location: 2F
3-2: 3-RUN HOME RUN (Flyball, 89XD, EV 98.8 MPH), Distance : 396 ft
Batting: RHB Jeremy Hoffert 0-0: Fly out, F8 (Flyball, 8RS, EV 91.2 MPH)
Batting: RHB Nick Kleckner 0-0: Foul Ball, location: 2F
0-1: SINGLE (Groundball, 4MD, EV 95.0 MPH)
Batting: LHB Angel Tellez 0-0: Ball
1-0: Ground out 4-3 (Groundball, 3, EV 106.2 MPH)
Nick Kleckner to second
Batting: RHB Micah Brown 0-0: Called Strike
0-1: Ball
1-1: Called Strike
1-2: Fly out, F3 (Popup, 23F, EV 81.2 MPH)
Top of the 3rd over - 3 runs, 4 hits, 0 errors, 1 left on base; Charlotte 4 - Toledo 0
BOTTOM OF THE 3RD
Toledo Mud Hens batting - Pitching for Charlotte Knights : RHP Rick Sacket
Batting: SHB Scott Bartholomew 0-0: Ball
1-0: Foul Ball, location: 2F
1-1: Ground out 6-3 (Groundball, 6, EV 99.4 MPH)
Batting: LHB Frank McConnell 0-0: Ball
1-0: Called Strike
1-1: Ball
2-1: Foul Ball, location: 2F
2-2: SINGLE (Flyball, 7LS, EV 94.4 MPH)
Batting: RHB J.J. Basil 0-0: Called Strike
0-1: Foul Ball, location: 2F
0-2: Ball
1-2: Ball
2-2: Ball
3-2: Base on Balls
Frank McConnell to second
Batting: RHB Dan Becvar 0-0: Ball
1-0: Called Strike
1-1: Foul Ball, location: 2F
1-2: Foul Ball, location: 2F
1-2: Ball
2-2: Strikes out swinging
Batting: RHB Willis Morales 0-0: Ball
1-0: Ball
2-0: Ball
3-0: Called Strike
3-1: Called Strike
3-2: Foul Ball, location: 2F
3-2: Ground out 4-3 (Groundball, 4, EV 81.9 MPH)
Bottom of the 3rd over - 0 runs, 1 hit, 0 errors, 2 left on base; Charlotte 4 - Toledo 0
TOP OF THE 4TH
Charlotte Knights batting - Pitching for Toledo Mud Hens : LHP Josh Thorpe
Batting: RHB Kikuo Sato 0-0: Ball
1-0: Called Strike
1-1: Reached on error, E6 (Groundball, 6, EV 103.1 MPH)
Batting: RHB Steve Waltenbery 0-0: Ball
1-0: Foul Ball, location: 2F
1-1: Ball
2-1: Called Strike
2-2: Foul Ball, location: 2F
2-2: Ball
3-2: Strikes out swinging
Batting: RHB Guillermo Mojica 0-0: Grounds into double play, 5-4-3 (Groundball, 5, EV 108.1 MPH)
Top of the 4th over - 0 runs, 0 hits, 1 error, 0 left on base; Charlotte 4 - Toledo 0
BOTTOM OF THE 4TH
Toledo Mud Hens batting - Pitching for Charlotte Knights : RHP Rick Sacket
Batting: RHB Brandon O'Malley 0-0: Ball
1-0: Ball
2-0: Ball
3-0: Called Strike
3-1: Base on Balls
Batting: RHB Aaron Cusick 0-0: Ball
1-0: Foul Ball, location: 2F
1-1: Fielders Choice at 2nd, 5-4 (Groundball, 5, EV 90.0 MPH)
Batting: RHB Keith Hoffman 0-0: Called Strike
0-1: Called Strike
0-2: Ball
1-2: Foul Ball, location: 2F
1-2: Ball
2-2: Ball
3-2: Foul Ball, location: 2F
3-2: Ground out 6-3 (Groundball, 6MD, EV 93.1 MPH)
Aaron Cusick to second
Batting: RHB Dave Calder 0-0: Ball
1-0: Ball
2-0: SINGLE (Line Drive, 78S, EV 106.2 MPH)
Aaron Cusick to third
Runner from 3rd tries for Home, SAFE, throw by LF to home
Batting: SHB Scott Bartholomew 0-0: Swinging Strike
0-1: SINGLE (Groundball, 25, EV 69.4 MPH) (infield hit)
Dave Calder to second
Batting: LHB Frank McConnell 0-0: Ball
1-0: Ball
2-0: Ball
3-0: Base on Balls
Dave Calder to third
Scott Bartholomew to second
Batting: RHB J.J. Basil 0-0: Fly out, F8 (Flyball, 8LM, EV 85.0 MPH)
Bottom of the 4th over - 1 run, 2 hits, 0 errors, 3 left on base; Charlotte 4 - Toledo 1
TOP OF THE 5TH
Charlotte Knights batting - Pitching for Toledo Mud Hens : LHP Josh Thorpe
Batting: SHB Dan Lash 0-0: Called Strike
0-1: Ground out 6-3 (Groundball, 6, EV 78.8 MPH)
Batting: RHB Jason Moss 0-0: Ball
1-0: Called Strike
1-1: Ball
2-1: Called Strike
2-2: Ball
3-2: Foul Ball, location: 2F
3-2: Base on Balls
Batting: RHB Jeremy Hoffert 0-0: Foul Ball, location: 2F
0-1: Fielders Choice at 2nd, 1-4 (Groundball, 15S, EV 77.5 MPH)
Batting: RHB Nick Kleckner 0-0: Fly out, F8 (Flyball, 8LM, EV 93.1 MPH)
Top of the 5th over - 0 runs, 0 hits, 0 errors, 1 left on base; Charlotte 4 - Toledo 1
BOTTOM OF THE 5TH
Toledo Mud Hens batting - Pitching for Charlotte Knights : RHP Rick Sacket
Batting: RHB Dan Becvar 0-0: SINGLE (Groundball, 56S, EV 69.4 MPH) (infield hit)
Batting: RHB Willis Morales 0-0: Ball
1-0: Foul Ball, location: 2F
1-1: Fly out, F8 (Flyball, 89D, EV 89.4 MPH)
Runner from 1st tags up, SAFE at 2nd
Pitching: RHP Danny Murguia
Batting: RHB Brandon O'Malley 0-0: Ground out 5-3 (Groundball, 56, EV 85.0 MPH)
Batting: RHB Aaron Cusick 0-0: Ball
1-0: Fly out, F8 (Flyball, 8RD, EV 86.2 MPH)
Bottom of the 5th over - 0 runs, 1 hit, 0 errors, 1 left on base; Charlotte 4 - Toledo 1
TOP OF THE 6TH
Charlotte Knights batting - Pitching for Toledo Mud Hens : LHP Josh Thorpe
Batting: LHB Angel Tellez 0-0: Ball
1-0: Called Strike
1-1: Foul Ball, location: 2F
1-2: Strikes out swinging
Batting: RHB Micah Brown 0-0: Ball
1-0: Ball
2-0: Swinging Strike
2-1: Ball
3-1: Swinging Strike
3-2: Base on Balls
Batting: RHB Kikuo Sato 0-0: Ball
1-0: Ball
2-0: Fly out, F4 (Popup, 4M, EV 74.4 MPH)
Batting: RHB Steve Waltenbery 0-0: Called Strike
0-1: Ball
1-1: Ball
2-1: Foul Ball, location: 2F
2-2: Ball
3-2: Foul Ball, location: 2F
3-2: Strikes out swinging
Top of the 6th over - 0 runs, 0 hits, 0 errors, 1 left on base; Charlotte 4 - Toledo 1
BOTTOM OF THE 6TH
Toledo Mud Hens batting - Pitching for Charlotte Knights : RHP Danny Murguia
Batting: RHB Keith Hoffman 0-0: SINGLE (Groundball, 4D, EV 101.2 MPH)
Batting: RHB Dave Calder 0-0: Foul Ball, location: 2F
0-1: Ball
1-1: Fly out, F8 (Flyball, 8RD, EV 86.2 MPH)
Batting: SHB Scott Bartholomew 0-0: Called Strike
0-1: TRIPLE (Flyball, 89XD, EV 88.1 MPH)
Keith Hoffman scores
Batting: LHB Frank McConnell 0-0: Swinging Strike
0-1: Ball
1-1: Ball
Wild Pitch!
Scott Bartholomew scores
2-1: Ball
3-1: Base on Balls
Batting: RHB J.J. Basil 0-0: Foul Ball, location: 2F
0-1: Called Strike
0-2: Ball
1-2: Ground out 5-3 (Groundball, 5S, EV 75.0 MPH)
Frank McConnell to second
Batting: RHB Dan Becvar 0-0: Ball
1-0: Foul Ball, location: 2F
1-1: Hit by Pitch
Batting: RHB Willis Morales 0-0: Foul Ball, location: 2F
0-1: Ball
1-1: Foul Ball, location: 2F
1-2: DOUBLE (Flyball, 8LXD, EV 107.5 MPH)
Frank McConnell scores
Dan Becvar to third
Runner from 3rd tries for Home, throw by CF and OUT! 8-6-2
Bottom of the 6th over - 3 runs, 3 hits, 0 errors, 1 left on base; Charlotte 4 - Toledo 4
TOP OF THE 7TH
Charlotte Knights batting - Pitching for Toledo Mud Hens : LHP Josh Thorpe
Batting: RHB Guillermo Mojica 0-0: Ball
1-0: Ball
2-0: Ball
3-0: Called Strike
3-1: Base on Balls
Batting: SHB Dan Lash 0-0: Ball
1-0: Sac Bunt to 15 - play at first, batter OUT! 1-3
Guillermo Mojica to second
Batting: RHB Jason Moss 0-0: Intentional Walk
Batting: RHB Jeremy Hoffert 0-0: Called Strike
0-1: Ball
1-1: Ball
2-1: Swinging Strike
2-2: Ball
3-2: Strikes out swinging
Pitching: RHP Gordie Pierson
Pinch Hitting: LHB Hirakito Herring 0-0: Called Strike
0-1: SINGLE (Groundball, 34D, EV 95.0 MPH)
Guillermo Mojica to third
Jason Moss to second
Runner from 3rd tries for Home, SAFE, throw by RF to home
Batting: LHB Angel Tellez 0-0: Ball
1-0: Ball
2-0: Ball
3-0: Base on Balls
Jason Moss to third
Hirakito Herring to second
Batting: RHB Micah Brown 0-0: Called Strike
0-1: Foul Ball, location: 2F
0-2: Strikes out looking
Top of the 7th over - 1 run, 1 hit, 0 errors, 3 left on base; Charlotte 5 - Toledo 4
BOTTOM OF THE 7TH
Toledo Mud Hens batting - Pitching for Charlotte Knights : RHP Danny Murguia
Pitching: RHP Derrick Easley
Now at 3B: Jason Bresnahan
Batting: RHB Brandon O'Malley 0-0: Ball
1-0: Called Strike
1-1: Called Strike
1-2: Foul Ball, location: 2F
1-2: Foul Ball, location: 2F
1-2: Foul Ball, location: 2F
1-2: Ground out 6-3 (Groundball, 56D, EV 88.1 MPH)
Pinch Hitting: LHB Jon Frederick 0-0: Ball
1-0: Called Strike
1-1: Ball
2-1: Ground out 4-3 (Groundball, 4, EV 101.2 MPH)
Batting: RHB Keith Hoffman 0-0: Ball
1-0: Ground out 4-3 (Groundball, 4, EV 103.8 MPH)
Bottom of the 7th over - 0 runs, 0 hits, 0 errors, 0 left on base; Charlotte 5 - Toledo 4
TOP OF THE 8TH
Charlotte Knights batting - Pitching for Toledo Mud Hens : RHP Gordie Pierson
Pitching: RHP Jason Mucci
Now in LF: Jon Frederick
Batting: RHB Kikuo Sato 0-0: Ball
1-0: SINGLE (Groundball, 4MD, EV 104.4 MPH)
Batting: RHB Steve Waltenbery 0-0: Sac Bunt to 25 - play at first, batter OUT! 5-3
Kikuo Sato to second
Batting: RHB Guillermo Mojica 0-0: Called Strike
0-1: Ground out 6-3 (Groundball, 6, EV 87.5 MPH)
Kikuo Sato to third
Batting: SHB Dan Lash 0-0: Foul Ball, location: 2F
0-1: Ball
1-1: Ground out U3 (Groundball, 3L, EV 78.8 MPH)
Top of the 8th over - 0 runs, 1 hit, 0 errors, 1 left on base; Charlotte 5 - Toledo 4
BOTTOM OF THE 8TH
Toledo Mud Hens batting - Pitching for Charlotte Knights : RHP Derrick Easley
Batting: LHB Conrad Taylor 0-0: Ball
1-0: Foul Ball, location: 2F
1-1: Foul Ball, location: 2F
1-2: Strikes out looking
Batting: SHB Scott Bartholomew 0-0: Foul Ball, location: 2F
0-1: Swinging Strike
0-2: Ball
1-2: Strikes out swinging
Batting: LHB Frank McConnell 0-0: Foul Ball, location: 2F
0-1: Ball
1-1: DOUBLE (Line Drive, 9LS, EV 105.0 MPH)
Batting: RHB J.J. Basil 0-0: Foul Ball, location: 2F
0-1: Ground out 4-3 (Groundball, 6MD, EV 96.9 MPH)
Bottom of the 8th over - 0 runs, 1 hit, 0 errors, 1 left on base; Charlotte 5 - Toledo 4
TOP OF THE 9TH
Charlotte Knights batting - Pitching for Toledo Mud Hens : RHP Jason Mucci
Batting: RHB Jason Moss 0-0: Swinging Strike
0-1: Ball
1-1: Ball
2-1: Ground out 5-3 (Groundball, 56, EV 106.2 MPH)
Batting: RHB Jeremy Hoffert 0-0: Fly out, F7 (Flyball, 78M, EV 86.2 MPH)
Batting: SHB Jason Bresnahan 0-0: Foul Ball, location: 2F
0-1: Foul Ball, location: 2F
0-2: Ground out 5-3 (Groundball, 5, EV 84.4 MPH)
Top of the 9th over - 0 runs, 0 hits, 0 errors, 0 left on base; Charlotte 5 - Toledo 4
BOTTOM OF THE 9TH
Toledo Mud Hens batting - Pitching for Charlotte Knights : RHP Derrick Easley
Pitching: LHP Steven Wolf
Batting: RHB Dan Becvar 0-0: Called Strike
0-1: Ball
1-1: Foul Ball, location: 2F
1-2: Strikes out swinging
Batting: RHB Willis Morales 0-0: Ground out 5-3 (Groundball, 56, EV 102.5 MPH)
Batting: RHB Brandon O'Malley 0-0: SINGLE (Groundball, 5S, EV 73.8 MPH) (infield hit)
Pinch Hitting: RHB Joel Miller 0-0: Ground out 4-3 (Groundball, 34, EV 104.4 MPH)
Bottom of the 9th over - 0 runs, 1 hit, 0 errors, 1 left on base; Charlotte 5 - Toledo 4
Thursday, December 15th , 2022 - OOTP Baseball 23.9 Build 102